 Dungeon Crawl Stone Soup version 0.31.0-11-ge490571c62 (webtiles) character file.

Game seed: 3615373723073358334

59983 Arcadio the Tortoise (level 14, -1/83 HPs)
             Began as a Gargoyle Earth Elementalist on Jan 28, 2024.
             Was a High Priest of Sif Muna.
             Incinerated by a deep elf pyromancer (16 damage)
             ... with a pyre arrow
             ... on level 12 of the Dungeon.
             The game lasted 00:58:07 (26833 turns).

Arcadio the Tortoise (Gargoyle Earth Elementalist) Turns: 26833, Time: 00:58:08

Health: -1/83      AC: 26    Str: 13    XL:     14   Next: 97%
Magic:  16/40      EV:  8    Int: 26    God:    Sif Muna [*****.]
Gold:   427        SH:  0    Dex: 16    Spells: 9/39 levels left

rFire   . . .        b - +9 trident "Lezaot" {drain, *Corrode +Blink Dex+6}
rCold   . . .        (no shield)
rNeg    + . .        E - +0 chain mail
rPois   ∞            J - +0 helmet
rElec   +            K - +0 cloak
rCorr   .            N - +0 pair of gloves
SInv    .            t - +0 pair of boots
Will    +....        (no amulet) Stlth
                     A - +6 ring of intelligence
HPRegen 0.33/turn    O - ring of magical power
MPRegen 0.27/turn

%: corrode self (3%)
@: on fire, corroded, flying, glowing
A: sickness immunity, AC +10, big wings, negative energy resistance 1,
electricity resistance, torment resistance 1, petrification resistance
a: Renounce Religion, Evoke Blink, Channel Magic, Forget Spell, Divine Exegesis


You were on level 12 of the Dungeon.
You worshipped Sif Muna.
Sif Muna was extremely pleased with you.
You visited 4 branches of the dungeon, and saw 19 of its levels.
You also visited: Sewer, Bailey and Gauntlet.

You collected 1295 gold pieces.
You spent 868 gold pieces at shops.

Inventory:

Hand Weapons
 b - the +9 trident "Lezaot" (weapon) {drain, *Corrode +Blink Dex+6}
   (You found it on level 4 of the Lair of Beasts)

   Dex+6:     It affects your dexterity (+6).
   +Blink:    It lets you blink.
   *Corrode:  It may corrode you when you take damage.
 H - a +4 flail
 V - a +3 morningstar of freezing
Missiles
 C - 5 throwing nets
Armour
 d - a scarf of repulsion
 t - a +0 pair of boots (worn)
 x - a +0 scale mail
 B - a +0 buckler
 E - a +0 chain mail (worn)
 G - a +0 plate armour
 J - a +0 helmet (worn)
 K - a +0 cloak (worn)
 N - a +0 pair of gloves (worn)
Jewellery
 q - a ring of wizardry
 r - a ring of willpower
 y - a ring of fire
 A - a +6 ring of intelligence (left hand)
 O - a ring of magical power (right hand)
 P - a ring of positive energy
 R - an amulet of faith
 U - a ring of willpower
Wands
 i - a wand of paralysis (13)
 m - a wand of iceblast (23)
 I - a wand of acid (20)
 M - a wand of flame (33)
 S - a wand of mindburst (3)
Scrolls
 a - 3 scrolls of amnesia
 c - 8 scrolls of teleportation
 e - 9 scrolls of enchant weapon
 h - 2 scrolls of summoning
 k - 7 scrolls of fog
 l - a scroll of vulnerability
 p - 2 scrolls of poison
 s - 2 scrolls of fear
 F - a scroll of enchant armour {unknown}
 Q - 2 scrolls of brand weapon
 T - a scroll of blinking {unknown}
Potions
 f - 9 potions of curing
 g - a potion of heal wounds
 j - 3 potions of attraction
 n - 2 potions of enlightenment
 o - 3 potions of lignification
 u - 3 potions of mutation
 v - 3 potions of might
 w - 5 potions of brilliance
 z - a potion of degeneration {unknown}
 D - 4 potions of cancellation
 L - 2 potions of invisibility


   Skills:
 - Level 7.9 Fighting
 + Level 15.6 Armour
 - Level 1.5 Dodging
 - Level 2.1 Stealth
 + Level 13.3 Spellcasting
 + Level 9.9 Conjurations
 - Level 14.4 Earth Magic


You had 9 spell levels left.
You knew the following spells:

 Your Spells              Type           Power      Damage    Failure   Level
a - Bombard               Conj/Erth      34%        9d6       26%         6
b - Stone Arrow           Conj/Erth      100%       3d13      1%          3
c - Brom's Barrelling Bo  Conj/Erth      69%        2d8       1%          4
d - Petrify               Alch/Erth      53%        N/A       13%         4
e - Passwall              Erth           75%        N/A       1%          3
f - Apportation           Tloc           34%        N/A       26%         1
g - Lehudib's Crystal Sp  Conj/Erth      34%        10d9      100%        8
h - Sandblast             Erth           100%       2d20      1%          1

Your spell library contained the following spells:

 Spells                   Type           Power      Damage    Failure   Level
 Sting                    Conj/Alch      100%       1d9       3%          1
 Momentum Strike          Conj/Tloc      86%        3d10      4%          2
 Dazzling Flash           Conj/Hex       86%        N/A       10%         3
 Iskenderun's Battlesphe  Conj           62%        2d11      12%         5
 Animate Armour           Summ/Erth      100%       N/A       13%         4
 Mephitic Cloud           Conj/Alch/Air  34%        N/A       21%         3
 Necrotise                Necr           68%        1d7       26%         1
 Summon Small Mammal      Summ           68%        N/A       26%         1
 Blink                    Tloc           34%        N/A       36%         2
 Lesser Beckoning         Tloc           34%        N/A       36%         2
 Frozen Ramparts          Ice            34%        1d6       58%         3
 Summon Ice Beast         Ice/Summ       17%        N/A       58%         3
 Arcjolt                  Conj/Air       21%        1d31      67%         5
 Freezing Cloud           Conj/Ice/Air   17%        6-21      88%         5
 Ignite Poison            Fire/Alch      17%        N/A       94%         4
 Vhi's Electric Charge    Tloc/Air       34%        N/A       94%         4
 Curse of Agony           Necr           17%        N/A       100%        5
 Metabolic Englaciation   Hex/Ice        8%         N/A       100%        5
 Silence                  Hex/Air        8%         N/A       100%        5
 Summon Mana Viper        Hex/Summ       17%        N/A       100%        5
 Plasma Beam              Fire/Air       8%         2x1d19    100%        6
 Sculpt Simulacrum        Ice/Alch       8%         N/A       100%        6
 Monstrous Menagerie      Summ           8%         N/A       100%        7
 Spellforged Servitor     Conj/Summ      21%        N/A       100%        7
 Maxwell's Capacitive Co  Air            8%         ∞         100%        8
 Chain Lightning          Conj/Air       21%        3d28      100%        9
 Cigotuvi's Dreadful Rot  Necr/Alch/Air  Unusable   N/A       N/A         2

Dungeon Overview and Level Annotations

Branches:
Dungeon (12/15)            Temple (1/1) D:7            Lair (5/5) D:9
  Swamp (0/4) Lair:2       Spider (0/4) Lair:3        Slime (0/5) Lair:5
    Orc (1/2) D:9           Sewer (visited)          Bailey (visited)
Gauntlet (visited)

Altars:
Ashenzari
Cheibriados
Dithmenos
Elyvilon
Fedhas
Gozag
Hepliaklqana
Kikubaaqudgha
Makhleb
Nemelex Xobeh
Okawaru
Qazlal
Ru
Sif Muna
Trog
Uskayaw
Vehumet
Wu Jian
Xom
Yredelemnul
Zin
The Shining One

Shops:
D:8 (:!!

Annotations:
D:7 2 transporters, Millikuen's ghost, amateur MiFi
D:12 2 runed translucent doors
Lair:3 Rupert


Innate Abilities, Weirdness & Mutations

You are immune to sickness and miasma.
Your stone body is resilient. (AC +10)
You are immune to poison.
Your large and strong wings let you fly.
You resist negative energy. (rN+)
You are resistant to electric shocks. (rElec)
You are resistant to unholy torment.
You are immune to petrification.


Message History

Casting: Stone Arrow (safe; 1% risk of failure)
Confirm with . or Enter, or press ? or * to list all spells.
Aiming: Stone Arrow (safe; 1% risk of failure)
Press: ? - help, Shift-Dir - straight line, f/p - red ugly thing
Aim: a red ugly thing (lightly wounded, 78% to hit)
The stone arrow hits the red ugly thing!!
The red ugly thing is heavily wounded.
The liquid fire burns you!
The red ugly thing completely misses you.
Casting: Stone Arrow (safe; 1% risk of failure)
Confirm with . or Enter, or press ? or * to list all spells.
Aiming: Stone Arrow (safe; 1% risk of failure)
Press: ? - help, Shift-Dir - straight line, f/p - red ugly thing
Aim: a red ugly thing (heavily wounded, 78% to hit)
The stone arrow hits the red ugly thing!!
The red ugly thing is severely wounded.
The liquid fire burns you!
* * * LOW HITPOINT WARNING * * *
The red ugly thing barely misses you.
Okay, then.
Okay, then.
You feel much better. The liquid fire burns you!
The red ugly thing trunk-slaps you but does no damage.
Casting: Stone Arrow (safe; 1% risk of failure)
Confirm with . or Enter, or press ? or * to list all spells.
Aiming: Stone Arrow (safe; 1% risk of failure)
Press: ? - help, Shift-Dir - straight line, f/p - red ugly thing
Aim: a red ugly thing (severely wounded, 78% to hit)
The stone arrow hits the red ugly thing!!
You kill the red ugly thing!
Sif Muna accepts your kill. The liquid fire burns you!
* * * LOW HITPOINT WARNING * * *
You are on fire!
You are on fire!
You are on fire!
You shake off some of the fire as you move.
The liquid fire burns you!
You die...

#.# #...#VY #.# #.....# #...###
#.# #....[# ... #.# #.....# ....
#.#######.[...# ....#..
#.............#.....+...
#.............#.....+....#.
#....####.....$.....#....+.
#....# #..@..# #....### #.<..#
#####.# #......# #....# #.#
#....... #....# #.#######.......
#....# #............... #....#
#....<.......... #....#
#####....[..........
####....####...................
................................


There were no monsters in sight!

Vanquished Creatures
  Kirke (D:12)
  Josephine (Lair:3)
  Harold (D:11)
  8 hydras
  4 catoblepae (Lair:5)
  8 death yaks
  2 boulder beetles
  3 two-headed ogres
  Sonja (D:10)
  2 skysharks
  Lodul (D:10)
  2 deep elf pyromancers
  An orc knight (D:9)
  2 manticores (Lair:5)
  3 ugly things
  A cyclops (Orc:1)
  Maurice (D:11)
  5 elephants
  2 black mambas
  19 cane toads
  3 rime drakes
  2 kobold demonologists
  6 komodo dragons
  3 trolls
  2 polar bears (Lair:4)
  2 tyrant leeches (Lair:2)
  Prince Ribbit (Bailey)
  2 hornets (D:11)
  7 dream sheep (Lair:5)
  10 blink frogs
  3 slime creatures (D:9)
  4 wyverns
  A shadow (D:10)
  6 wraiths
  41 yaks
  5 basilisks
  A warg (Orc:1)
  4 hogs
  7 humans
  Grum (D:8)
  6 vampire mosquitoes
  2 steam dragons
  15 water moccasins
  2 swamp worms (Lair:2)
  A sky beast (D:5)
  3 black bears
  9 ogres
  7 orc warriors
  17 wolves
  3 centaurs
  2 kobold brigands
  Blork the orc (D:6)
  22 bullfrogs
  A gnoll sergeant (D:9)
  4 scorpions
  4 necrophages (Lair:3)
  12 wights
  9 killer bees
  6 electric eels
  4 howler monkeys
  4 hounds
  7 jellies
  3 orc priests
  3 gnoll boudas
  10 orc wizards
  A hell rat (Sewer)
  13 adders
  17 gnolls
  3 river rats (Sewer)
  A dart slug (D:2)
  A ribbon worm (D:2)
  29 orcs
  6 endoplasms
  2 giant cockroaches
  7 goblins
  6 hobgoblins
  9 quokkas
  4 ball pythons
  4 bats
  2 frilled lizards (D:3)
  12 kobolds
  9 rats
462 creatures vanquished.

Vanquished Creatures (collateral kills)
  13 boulders
13 creatures vanquished.

Vanquished Creatures (others)
  9 boulders
9 creatures vanquished.

Grand Total: 484 creatures vanquished

Notes
Turn   | Place    | Note
-------+----------+-------------------------------------------
     0 | D:1      | Arcadio the Gargoyle Earth Elementalist began the quest for
                  | the Orb.
     0 | D:1      | Reached XP level 1. HP: 10/10 MP: 3/3
   205 | D:1      | Reached XP level 2. HP: 15/15 MP: 3/5
   461 | D:1      | Reached skill level 1 in Armour
   844 | D:2      | Reached XP level 3. HP: 19/19 MP: 3/6
  1116 | D:2      | Found a faded altar of an unknown god.
  1676 | D:2      | Reached skill level 2 in Armour
  1770 | D:3      | Reached XP level 4. HP: 24/24 MP: 8/8
  1818 | D:3      | Learned a level 3 spell: Stone Arrow
  1823 | D:3      | Learned a level 4 spell: Brom's Barrelling Boulder
  2116 | D:3      | Reached XP level 5. HP: 27/28 MP: 3/9
  2164 | D:3      | Reached skill level 5 in Earth Magic
  2251 | D:3      | Reached skill level 3 in Armour
  2532 | D:4      | Found a glowing drain.
  2551 | Sewer    | Entered a sewer
  2690 | Sewer    | Reached XP level 6. HP: 26/32 MP: 5/11
  2908 | D:4      | Found a glowing silver altar of Zin.
  3294 | D:4      | Reached skill level 4 in Armour
  3295 | D:4      | Found a sparkling altar of Nemelex Xobeh.
  3747 | D:4      | Found a blossoming altar of Fedhas.
  3861 | D:5      | Entered Level 5 of the Dungeon
  3941 | D:5      | Reached XP level 7. HP: 36/36 MP: 11/13
  4535 | D:5      | Reached skill level 5 in Armour
  4888 | D:5      | Reached XP level 8. HP: 41/41 MP: 12/15
  5100 | D:5      | Reached skill level 5 in Spellcasting
  5716 | D:6      | Reached skill level 6 in Armour
  6378 | D:6      | Found a stormy altar of Qazlal.
  6602 | D:6      | Noticed Blork the orc
  6607 | D:6      | Killed Blork the orc
  6670 | D:6      | Found a shimmering blue altar of Sif Muna.
  6680 | D:6      | Became a worshipper of Sif Muna the Loreminder
  6794 | D:7      | Found a burning altar of Makhleb.
  6822 | D:7      | Reached skill level 7 in Armour
  6822 | D:7      | Reached XP level 9. HP: 45/45 MP: 8/18
  7007 | D:7      | Reached skill level 5 in Conjurations
  7094 | D:7      | Found a staircase to the Ecumenical Temple.
  7100 | Temple   | Entered the Ecumenical Temple
  7370 | D:7      | Reached skill level 8 in Armour
  7480 | D:7      | Found a transporter.
  7480 | D:7      | Noticed Millikuen's ghost (amateur MiFi)
  7481 | D:7      | Found a transporter.
  7483 | D:7      | Noticed a two-headed ogre
  7689 | D:8      | Found Xocvuogh's Antique Weapon Emporium.
  7756 | D:8      | Reached XP level 10. HP: 41/50 MP: 1/21
  7905 | D:8      | Found Lownoun's Book Shop.
  7914 | D:8      | Reached skill level 9 in Armour
  7947 | D:8      | Found Tezuny's Distillery.
  7953 | D:8      | Noticed Grum
  7990 | D:8      | Killed Grum
  7990 | D:8      | Reached * piety under Sif Muna
  8147 | D:8      | Found Ceicry's Distillery.
  8154 | D:8      | Found a flagged portal.
  8163 | Bailey   | Entered a bailey
  8510 | Bailey   | Learned a level 4 spell: Petrify
  8514 | Bailey   | Learned a level 3 spell: Passwall
  8516 | Bailey   | Learned a level 1 spell: Apportation
  8911 | Bailey   | Noticed Prince Ribbit
  8911 | Bailey   | Noticed a vault guard
  8914 | Bailey   | Killed Prince Ribbit
  8928 | Bailey   | Reached skill level 10 in Armour
  9226 | D:8      | Bought a potion of curing for 42 gold pieces
  9226 | D:8      | Bought 2 potions of heal wounds for 140 gold pieces
  9226 | D:8      | Bought a potion of might for 56 gold pieces
  9226 | D:8      | Bought a potion of curing for 42 gold pieces
  9334 | D:8      | Found a radiant altar of Vehumet.
  9382 | D:8      | Found an iron altar of Okawaru.
  9567 | D:8      | Found an ornate altar of the Wu Jian Council.
  9919 | D:9      | Reached XP level 11. HP: 46/54 MP: 16/23
  9923 | D:9      | Reached ** piety under Sif Muna
  9971 | D:9      | Noticed a two-headed ogre
 10360 | D:9      | Noticed a +0 spear
 10360 | D:9      | Noticed a +0 dagger
 10360 | D:9      | Noticed a +0 falchion
 10360 | D:9      | Noticed a +0 short sword
 10360 | D:9      | Noticed a +0 falchion
 10360 | D:9      | Noticed a +0 spear
 10361 | D:9      | Noticed a +0 dagger
 10361 | D:9      | Noticed a +0 short sword
 10362 | D:9      | Found a hide-covered altar of Uskayaw.
 10858 | D:9      | Killed a two-headed ogre
 10859 | D:9      | Reached skill level 11 in Armour
 11093 | D:9      | Found a staircase to the Orcish Mines.
 11334 | D:9      | Found a staircase to the Lair.
 11565 | Orc:1    | Entered Level 1 of the Orcish Mines
 11683 | Orc:1    | Noticed an orc knight
 11823 | D:9      | Killed an orc knight
 12103 | Orc:1    | Noticed a cyclops
 12109 | Orc:1    | Killed a cyclops
 12199 | Orc:1    | Noticed an orc warlord
 12376 | Lair:1   | Entered Level 1 of the Lair of Beasts
 12548 | Lair:1   | Reached *** piety under Sif Muna
 12589 | Lair:1   | Reached skill level 10 in Spellcasting
 12756 | Lair:1   | Found a gate leading to a gauntlet.
 12770 | Gauntlet | Entered a Gauntlet
 12770 | Gauntlet | Found a transporter.
 12770 | Gauntlet | Found a transporter.
 12778 | Gauntlet | Noticed an oklob plant
 12779 | Gauntlet | Found a transporter.
 12795 | Gauntlet | Found a transporter.
 12810 | Gauntlet | Found a transporter.
 12825 | Gauntlet | Found a transporter.
 12838 | Gauntlet | Found a transporter.
 12840 | Gauntlet | Noticed an entropy weaver
 12850 | Gauntlet | Noticed a blizzard demon
 12933 | Gauntlet | Found a transporter.
 12940 | Gauntlet | Noticed a green death
 13123 | Lair:1   | Reached skill level 12 in Armour
 13179 | Lair:1   | Reached XP level 12. HP: 55/59 MP: 16/26
 13903 | Lair:2   | Reached skill level 10 in Earth Magic
 14217 | Lair:2   | Noticed a skyshark
 14238 | Lair:2   | Killed a skyshark
 14511 | Lair:2   | Noticed a four-headed hydra
 14518 | Lair:2   | Killed a four-headed hydra
 15186 | Lair:2   | Reached skill level 13 in Armour
 15622 | Lair:2   | Noticed a four-headed hydra
 15624 | Lair:2   | Noticed an eight-headed hydra
 15753 | Lair:3   | Reached skill level 1 in Fighting
 15971 | Lair:3   | Noticed a death yak
 16423 | Lair:4   | Noticed a six-headed hydra
 16485 | Lair:3   | Reached **** piety under Sif Muna
 16690 | Lair:3   | Reached XP level 13. HP: 63/68 MP: 21/28
 17264 | Lair:4   | Identified the +9 trident "Lezaot" {drain, *Corrode +Blink
                  | Dex+6}
 18440 | Lair:5   | Entered Level 5 of the Lair of Beasts
 18556 | Lair:5   | Reached skill level 5 in Fighting
 18725 | Lair:5   | Reached skill level 14 in Armour
 20313 | Lair:5   | Found a staircase to the Slime Pits.
 20477 | Lair:5   | Reached ***** piety under Sif Muna
 20478 | Lair:5   | Gained mutation: Your large and strong wings let you fly.
                  | [Gargoyle growth]
 20478 | Lair:5   | Reached XP level 14. HP: 80/80 MP: 27/30
 21648 | Lair:5   | Received a gift from Sif Muna
 21651 | Lair:5   | Got Sif Muna's Dissertation on the Frozen Birds {god gift}
 21661 | Lair:5   | Learned a level 8 spell: Lehudib's Crystal Spear
 21998 | Lair:3   | Found a hole to the Spider Nest.
 22120 | Lair:3   | Noticed Josephine
 22125 | Lair:3   | Killed Josephine
 22541 | Lair:3   | Found a blossoming altar of Fedhas.
 22557 | Lair:3   | Reached skill level 15 in Armour
 23117 | Lair:3   | Noticed Rupert
 23188 | Lair:2   | Found a staircase to the Swamp.
 23586 | D:8      | Bought a book of Power for 588 gold pieces
 23593 | D:8      | Learned a level 6 spell: Bombard
 23657 | D:10     | Entered Level 10 of the Dungeon
 23694 | D:10     | Noticed Sonja
 23697 | D:10     | Killed Sonja
 23805 | D:10     | Noticed Lodul
 23950 | D:10     | Killed Lodul
 25407 | D:11     | Noticed Maurice
 25413 | D:11     | Killed Maurice
 25683 | D:11     | Noticed Harold
 25693 | D:11     | Killed Harold
 25896 | D:12     | Found a runed translucent door.
 26584 | D:12     | Noticed Kirke
 26596 | D:12     | Found a runed translucent door.
 26705 | D:12     | Killed Kirke
 26718 | D:12     | Noticed a lich
 26833 | D:12     | Incinerated by a deep elf pyromancer

Illustrated notes

Levels and vault maps discovered:
D:1:      dpeg_arrival_subterranean_lakeside_camping, layout_rooms
D:2:      layout_basic, shapermc_ecumenical_altar_petra
D:3:      layout_basic
D:4:      layout_loops_ring, kennysheep_little_box, fedhas_altar_fruit_tree,
          nemelex_dance_club_becter, portal_sewer_entry_d,
          minmay_fractal_squares_gapless_5
D:5:      layout_loops_corners, minivault_5, chequers_serial_rivers_room_b
D:6:      lemuel_ice_spiral_2, layout_basic, nicolae_qazlal_scattered_showers,
          tgw_sif, st_stairs_4
D:7:      layout_basic, lemuel_crystal_altar, minmay_temple_entry_wispy,
          gammafunk_ghost_smash
D:8:      nicolae_moon_pools, layout_cave_pools, vehumet_crystals,
          okawaru_humans, pdpol_wu_jian_five_deadly_venoms, serial_shops, shop,
          nicolae_shop_real_fake_doors, shop, nicolae_shop_industrial_runoff,
          enter_bailey_2, uniq_grum
D:9:      layout_rooms, nicolae_uskayaw_en_pointe, lair_entry_dummy, orc_0_dummy
D:10:     layout_basic, kennysheep_decorative_pillar,
          chequers_serial_rivers_small_3, uniq_lodul, uniq_sonja
D:11:     layout_basic, uniq_maurice, uniq_harold
D:12:     layout_irregular_city, muffindrake_ghost_dual_entry, uniq_kirke
Temple:   nicolae_temple_no_exploring_needed
Lair:1:   layout_loops_ring, gauntlet_entry_generic, minivault_23
Lair:2:   layout_cave_pods, palyth_hydra_swamp_entry,
          chequers_serial_rivers_micro_e, grunt_megastairs_2, lemuel_fruit_tree,
          serial_bayou_shore_a
Lair:3:   layout_regular_city, dummy_spider_entry, basic_altar, serial_rivers,
          chequers_serial_rivers_small_a, chequers_serial_rivers_small_a,
          chequers_serial_rivers_small_3, chequers_serial_rivers_small_b,
          chequers_serial_rivers_small_3, chequers_serial_rivers_micro_c,
          hangedman_lair_generics_rect, uniq_rupert, uniq_josephine
Lair:4:   layout_gridlike, serial_rivers, chequers_serial_rivers_large_b,
          chequers_serial_rivers_micro_d, chequers_serial_rivers_micro_a,
          chequers_serial_rivers_micro_e, chequers_serial_rivers_micro_c,
          roderic_carrion_pond, grunt_megastairs_1, infiniplex_staircase_pool
Lair:5:   evilmike_catoblepas_cave, layout_loops_ring,
          nicolae_slime_entry_slimehenge
Orc:1:    dreamdust_dug_too_deep, layout_diamond_mine

Skill      XL: |  1  2  3  4  5  6  7  8  9 10 11 12 13 14 |
---------------+-------------------------------------------+-----
Armour         | 1 2 3 4 5 7 8 10 12 13 14 15 | 15.6
Earth Magic    | 4 5 6 7 9 11 13 14 | 14.4
Spellcasting   | 3 4 6 7 8 10 11 12 13 | 13.3
Conjurations   | 4 6 8 9 |  9.9
Fighting       | 3 6 7 |  7.9
Dodging        | |  1.5
Stealth        | |  2.1

Action                     |  1- 3 |  4- 6 |  7- 9 | 10-12 | 13-15 || total
---------------------------+-------+-------+-------+-------+-------++-------
  Melee: Mace              |    32 |    52 |    18 |       |       ||   102
         Punch             |       |     1 |       |     3 |     2 ||     6
         Whip              |       |       |    18 |    26 |       ||    44
         Flail             |       |       |       |   106 |       ||   106
         Trident           |       |       |       |       |    86 ||    86
   Cast: Sandblast         |    33 |    80 |    61 |    44 |       ||   218
         Stone Arrow       |       |     1 |    52 |   273 |   477 ||   803
         Brom's Barrelling |       |       |       |    13 |    14 ||    27
         Petrify           |       |       |       |     2 |     2 ||     4
         Bombard           |       |       |       |       |     1 ||     1
  Evoke: Wand              |       |       |       |       |     3 ||     3
    Use: Scroll            |     1 |     7 |     3 |     6 |     7 ||    24
         Potion            |       |       |     3 |     5 |     4 ||    12
   Stab: Sleeping          |     1 |     1 |       |       |       ||     2
         Petrified         |       |       |       |       |     5 ||     5
 Armour: Robe              |    30 |    61 |       |       |       ||    91
         Leather armour    |       |    39 |    84 |       |       ||   123
         Ring mail         |       |       |    25 |    68 |       ||    93
         Scale mail        |       |       |       |   310 |    40 ||   350
         Skin              |       |       |       |     9 |       ||     9
         Chain mail        |       |       |       |       |   358 ||   358
  Dodge: Dodged            |    36 |    58 |    41 |   165 |   142 ||   442
